 Dungeon Crawl Stone Soup version 0.31-a0-988-g08d55dae12 (webtiles) character file.

Game seed: 13421093387702014128

537 dsffdskdfgj the Poker (level 7, -1/57 HPs)
             Began as a Minotaur Gladiator on Nov 5, 2023.
             Slain by an iguana (4 damage)
             ... on level 4 of the Dungeon.
             The game lasted 00:23:53 (3172 turns).

dsffdskdfgj the Poker (Minotaur Gladiator)          Turns: 3172, Time: 00:23:53

Health: -1/57      AC: 11    Str: 21    XL:     7   Next: 5%
Magic:  7/7        EV:  7    Int:  5    God:
Gold:   279        SH:  0    Dex: 11    Spells: 8/8 levels left

rFire   . . .        a - +0 trident
rCold   . . .        (no shield)
rNeg    . . .        q - +0 plate armour
rPois   .            c - +0 hat
rElec   .            (no cloak)
rCorr   .            (no gloves)
SInv    .            (no boots)
Will    .....        (no amulet) Stlth
                     (no ring)
HPRegen 0.29/turn    (no ring)
MPRegen 0.10/turn

%: no passive effects
@: no status effects
A: horns 2, retaliatory headbutt
a: no special abilities


You were on level 4 of the Dungeon.
You visited 1 branch of the dungeon, and saw 5 of its levels.

You collected 279 gold pieces.

Inventory:

Hand Weapons
 a - a +0 trident (weapon)
 f - a +0 dagger {halllo?}
 g - a +0 dagger
 h - a +0 dagger
 k - a +0 hand axe
 m - a +0 club
 w - a +0 whip
 B - a +0 rapier
 F - a +0 orcbow
Missiles
 e - a javelin
 i - 2 atropa-tipped darts
 o - 29 stones
 r - 7 boomerangs (quivered)
 v - 6 poisoned darts
Armour
 b - a +0 robe
 c - a +0 hat (worn)
 j - a +0 chain mail
 q - a +0 plate armour (worn)
 x - the +1 leather armour "Kagyteg" {MP+9}
   (You found it on level 3 of the Dungeon)

   MP+9:      It affects your magic capacity (+9).
 E - a +0 pair of gloves of dexterity
Scrolls
 n - a scroll of revelation
 p - a scroll of torment {unknown}
 s - 3 scrolls of identify
 t - 2 scrolls of immolation {unknown}
 y - a scroll of teleportation {unknown}
Potions
 d - a potion of curing {unknown}
 l - a potion of resistance {unknown}
 u - a potion of lignification {unknown}
 z - a potion of cancellation {unknown}
 A - a potion of berserk rage
 C - a potion of haste {unknown}
 D - a potion of enlightenment {unknown}


   Skills:
 + Level 3.3 Fighting
 * Level 3.0(4.9) Axes
 * Level 1.9(2.7) Maces & Flails
 + Level 5.6(6.0) Polearms
 + Level 2.5 Throwing
 + Level 3.0 Armour
 * Level 4.7 Dodging
 + Level 0.3 Stealth
 * Level 1.3 Spellcasting


You had 8 spell levels left.
You didn't know any spells.
Your spell library contained the following spells:

 Spells                   Type           Power      Damage    Failure   Level
 Inner Flame              Hex/Fire       0%         N/A       100%        3
 Flame Wave               Conj/Fire      0%         2d4       100%        4
 Sticky Flame             Conj/Fire      0%         2d3       100%        4


Dungeon Overview and Level Annotations

Branches:
Dungeon (5/15)
 Temple: D:4-7

Altars:
Gozag

Shops:
D:3 (


Innate Abilities, Weirdness & Mutations

You have a pair of horns on your head.
You reflexively headbutt those who attack you in melee.


Message History

A mysterious force pulls you upwards. The hatch slams shut behind you.
Reactivating autopickup.
You hit the scorpion.
The scorpion is moderately wounded.
The scorpion barely misses you. The iguana barely misses you.
The iguana attacks as it pursues you! The iguana bites you.
* * * LOW HITPOINT WARNING * * *
As you read the scroll labelled GURHASTRESHO, it crumbles to dust.
It is a scroll of identify.
A - a potion of berserk rage The scorpion stings you but does no damage.
The iguana bites you but does no damage.
The scorpion stings you but does no damage.
The scorpion stings you but does no damage.
The iguana bites you but does no damage.
Unknown command.
You puncture the scorpion! Your headbutt misses the scorpion.
The scorpion is severely wounded.
The scorpion stings you.
* * * LOW HITPOINT WARNING * * *
The iguana barely misses you. You furiously retaliate!
You headbutt the iguana. You barely miss the scorpion.
The scorpion is severely wounded.
The scorpion stings you but does no damage.
The iguana completely misses you.
You hit the scorpion. You headbutt the scorpion.
You kill the scorpion!
The iguana bites you but does no damage.
Your base Axes skill increases to level 3!
Your Armour skill increases to level 3!
You have reached level 7!
The iguana attacks as it pursues you! The iguana bites you.
* * * LOW HITPOINT WARNING * * *
You hit the iguana but do no damage.
The iguana is lightly wounded.
The iguana barely misses you.
You hit the iguana but do no damage.
The iguana is lightly wounded.
The iguana bites you.
You die...

#.##...###.# #........#.<.
########.###.####.###.######.#.##
#.....................# #.#.#
....####.########.##.## #...#
#.#.## #.# #.##.# ###.#
.....###.# ##.##.# #.##
......##.#######.....# #...
...............)..#### ###.
...###....###...@....# #.
..#...#..#...#..l###.# #.
#.#.⌠.#..#.⌠.#..†# #.# #.
..#...#≈~#...#...# #.# #.
#.~###≈≈≈~###~...# #.###########.
#..≈≈≈≈≈≈≈≈≈~....# #.#...........
#..≈≈≈≈≈≈≈≈≈~....###.#.##########
#.~###≈≈≈≈###~....##.#<#
..#...#~≈#...#....##.#.#


You could see an iguana.

Vanquished Creatures
  2 scorpions (D:4)
  3 hounds
  An orc priest (D:5)
  2 jellies (D:4)
  An iguana (D:4)
  2 orc wizards
  7 adders
  2 ufetubi (D:4)
  A worm (D:2)
  2 dart slugs
  6 orcs
  9 ball pythons
  5 bats
  9 endoplasms
  5 giant cockroaches
  6 goblins
  4 hobgoblins
  7 quokkas
  4 frilled lizards (D:1)
  2 kobolds
  5 rats (D:1)
85 creatures vanquished.

Notes
Turn   | Place    | Note
-------+----------+-------------------------------------------
     0 | D:1      | dsffdskdfgj the Minotaur Gladiator began the quest for the
                  | Orb.
     0 | D:1      | Reached XP level 1. HP: 18/18 MP: 0/0
   142 | D:1      | Reached XP level 2. HP: 25/25 MP: 1/1
   209 | D:1      | Reached skill level 4 in Polearms
   364 | D:1      | Found a faded altar of an unknown god.
   392 | D:1      | Reached XP level 3. HP: 11/30 MP: 2/2
   912 | D:2      | Reached skill level 1 in Axes
   919 | D:2      | Found an opulent altar of Gozag.
   975 | D:2      | Reached XP level 4. HP: 37/37 MP: 3/3
  1392 | D:3      | Identified the +1 leather armour "Kagyteg" {MP+9}
  1726 | D:3      | Reached skill level 1 in Armour
  1726 | D:3      | Reached XP level 5. HP: 35/42 MP: 4/4
  1765 | D:3      | Found Toconum's Antique Weapon Boutique.
  2262 | D:4      | Reached skill level 5 in Polearms
  2427 | D:4      | Reached skill level 1 in Maces & Flails
  2453 | D:4      | Reached XP level 6. HP: 45/50 MP: 6/6
  2469 | D:4      | Reached skill level 1 in Spellcasting
  3035 | D:5      | Entered Level 5 of the Dungeon
  3170 | D:4      | Reached XP level 7. HP: 4/57 MP: 7/7
  3170 | D:4      | HP: 2/57 [iguana (2)]
  3172 | D:4      | Slain by an iguana

Illustrated notes

Levels and vault maps discovered:
D:1:      dpeg_arrival_erosion, layout_rooms, ebering_ecumenical_altar_webs,
          minmay_stone_trees_small
D:2:      layout_rooms, basic_altar, chequers_serial_rivers_room_a
D:3:      layout_basic, serial_shops, shop
D:4:      layout_loops_ring, fountainhead
D:5:      layout_basic, minmay_temple_entry_antechambers

Skill      XL: |  1  2  3  4  5  6 |
---------------+-------------------+-----
Polearms       | 4 5 |  5.6
Axes           | 1 2 3 |  3.0
Dodging        | 4 |  4.7
Armour         | 1 2 3 |  3.0
Maces & Flails | 1 |  1.9
Fighting       | 3 |  3.3
Spellcasting   | 1 |  1.3
Throwing       | |  2.5
Stealth        | |  0.3

Action                     |  1- 3 |  4- 6 |  7- 9 || total
---------------------------+-------+-------+-------++-------
  Melee: Trident           |    72 |   136 |     2 ||   210
         Headbutt          |    12 |    22 |       ||    34
  Throw: Throwing net      |     1 |     6 |       ||     7
         Boomerang         |       |     3 |       ||     3
    Use: Scroll            |     1 |     2 |       ||     3
         Potion            |       |     2 |       ||     2
   Stab: Held in net/web   |     1 |       |       ||     1
 Armour: Leather armour    |    19 |       |       ||    19
         Chain mail        |    24 |     1 |       ||    25
         Plate armour      |       |   164 |     2 ||   166
  Dodge: Dodged            |    38 |    62 |     1 ||   101

Table legend: (Time is in decaauts)
 A = Elapsed time spent in this place.
 B = Non-inter-level travel time spent in this place.
 C = Inter-level travel time spent in this place.
 D = Time resting spent in this place.
 E = Time spent auto-exploring this place.
 F = Levels seen in this place.
 G = Mean time per level.
                   A        B        C        D        E       F      G
               +--------+--------+--------+--------+--------+-----+--------+
         Total |   3182 |   3178 |      4 |    166 |   1058 |   5 |  636.4 |
       Dungeon |   3182 |   3178 |      4 |    166 |   1058 |   5 |  636.4 |
               +--------+--------+--------+--------+--------+-----+--------+

Top non-repeatable levels by time:
     D:4: 913 daAuts
     D:1: 819 daAuts
     D:3: 787 daAuts
     D:2: 535 daAuts
     D:5: 127 daAuts
